 Dungeon Crawl Stone Soup version 0.31.0-12-g77e489cdc1 (webtiles) character file.

Game seed: 12907361610420321899

248928 Marvel the Axe Maniac (level 20, -4/216 HPs)
             Began as a Hill Orc Fighter on Feb 16, 2024.
             Was the Champion of the Shining One.
             Slain by a rockslime (28 damage)
             ... created by the Royal Jelly
             ... on level 5 of the Pits of Slime.
             The game lasted 01:57:13 (34237 turns).

Marvel the Axe Maniac (Hill Orc Fighter)           Turns: 34237, Time: 01:57:13

Health: -4/216     AC: 23    Str: 26 (29) XL:     20   Next: 3%
Magic:  15/25      EV: 10    Int: 11 (12) God:    the Shining One [******]
Gold:   1887       SH:  0    Dex:  8 (9)  Spells: 19/19 levels left

rFire   + . .        t - +8 frozen axe "Frostbite" {freeze, freezing cloud, *Noise Fly rC+}
rCold   + + +        (shield currently unavailable)
rNeg    + + +        n - +3 swamp dragon scales
rPois   +            (helmet restricted)
rElec   +            L - scarf {repulsion}
rCorr   +            e - +0 pair of gloves of the Forgotten Knives {rC+++ Will- Regen+ Str+2}
SInv    .            M - +0 pair of boots
Will    .....        Y - amulet of regeneration Stlth
                     j - ring of resist corrosion
HPRegen 2.16/turn    A - +4 ring of protection
MPRegen 0.19/turn

%: repel missiles
@: about to teleport, engulfed (cannot breathe), flying, glowing, studying Axes
A: horns 1, talons 1, clever 1, deterioration 2, fire resistance 1, screaming 2,
electricity resistance, no potion heal 1, cold vulnerability 1, devolution 1,
persistent drain
}: 1/15 runes: serpentine
a: Renounce Religion, Divine Shield, Cleansing Flame, Summon Divine Warrior,
Brand Weapon With Holy Wrath


You were on level 5 of the Pits of Slime.
You worshipped the Shining One.
The Shining One was exalted by your worship.
You visited 5 branches of the dungeon, and saw 31 of its levels.
You also visited: Sewer, Ice Cave and Volcano.

You collected 3043 gold pieces.
You spent 1156 gold pieces at shops.

Inventory:

Hand Weapons
 t - the +8 frozen axe "Frostbite" (weapon) {freeze, freezing cloud, *Noise Fly rC+}
   (You found it in an ice cave)

   rC+:       It protects you from cold.
   Fly:       It grants you flight.
   *Noise:    It may make a loud noise when swung.
 Q - a +9 battleaxe of venom
 V - a +2 battleaxe of flaming
Missiles
 l - 15 poisoned darts (quivered)
Armour
 e - the +0 pair of gloves of the Forgotten Knives (worn) {rC+++ Will- Regen+ Str+2}
   (You acquired it on level 12 of the Dungeon)

   Str+2:     It affects your strength (+2).
   rC+++:     It renders you almost immune to cold.
   Will-:     It decreases your willpower.
   Regen+:    It increases your rate of health regeneration.
 n - +3 swamp dragon scales (worn)
 w - the +1 fire dragon scales of Cetegg {Rampage rF++ rC-}
   (You found it on level 4 of the Dungeon)

   rF++:      It greatly protects you from fire.
   rC-:       It makes you vulnerable to cold.
   Rampage:   It bestows one free step when moving towards enemies.
 L - a scarf of repulsion (worn)
 M - a +0 pair of boots (worn)
 T - a +2 helmet of see invisible
Jewellery
 j - a ring of resist corrosion (left hand)
 A - a +4 ring of protection (right hand)
 Y - an amulet of regeneration (around neck)
Wands
 g - a wand of quicksilver (13)
 D - a wand of flame (44)
 G - a wand of digging (1)
 I - a wand of roots (39)
 K - a wand of charming (15)
 U - a wand of polymorph (6)
 W - a wand of mindburst (17)
Scrolls
 a - 2 scrolls of enchant weapon
 i - a scroll of blinking
 k - 3 scrolls of amnesia
 p - 17 scrolls of identify
 u - 5 scrolls of teleportation
 x - 5 scrolls of poison
 E - a scroll of brand weapon
 H - a scroll of fog
 O - 5 scrolls of fear
 R - 3 scrolls of revelation
Potions
 b - 2 potions of haste
 c - 2 potions of enlightenment
 d - 2 potions of might
 f - 6 potions of brilliance
 h - a potion of mutation
 z - 6 potions of attraction
 N - 6 potions of curing
 P - 6 potions of lignification
 Z - a potion of magic
Miscellaneous
 s - a box of beasts
 J - a phial of floods
 S - a tin of tremorstones (2/2)
 X - a lightning rod (4/4)


   Skills:
 O Level 27 Fighting
 O Level 27 Axes
 - Level 3.0 Throwing
 + Level 18.6 Armour
 - Level 4.1 Shields
 - Level 2.0 Unarmed Combat
 * Level 7.1 Invocations
 + Level 0.2 Evocations


You had 19 spell levels left.
You didn't know any spells.
Your spell library contained the following spells:

 Spells                   Type           Power      Damage    Failure   Level
 Foxfire                  Conj/Fire      0%         2x1d4     41%         1
 Kiss of Death            Conj/Necr      0%         2d5       41%         1
 Sting                    Conj/Alch      0%         1d3       41%         1
 Mercury Vapours          Alch/Air       0%         N/A       56%         2
 Sublimation of Blood     Necr           0%         N/A       56%         2
 Confusing Touch          Hex            0%         N/A       80%         3
 Fugue of the Fallen      Necr           0%         N/A       80%         3
 Gell's Gravitas          Tloc           0%         N/A       80%         3
 Ozocubu's Armour         Ice            0%         N/A       80%         3
 Teleport Other           Tloc           0%         N/A       80%         3
 Tukima's Dance           Hex            0%         N/A       80%         3
 Dimensional Bullseye     Hex/Tloc       0%         N/A       99%         4
 Dispel Undead            Necr           0%         3d6       99%         4
 Iskenderun's Mystic Bla  Conj/Tloc      0%         2d3       99%         4
 Leda's Liquefaction      Alch/Erth      0%         N/A       99%         4
 Manifold Assault         Tloc           0%         N/A       99%         4
 Olgreb's Toxic Radiance  Alch           0%         N/A       99%         4
 Passage of Golubria      Tloc           0%         N/A       99%         4
 Petrify                  Alch/Erth      0%         N/A       99%         4
 Vhi's Electric Charge    Tloc/Air       0%         N/A       99%         4
 Arcjolt                  Conj/Air       0%         1d10      100%        5
 Irradiate                Conj/Alch      0%         3d11      100%        5
 Lee's Rapid Deconstruct  Erth           0%         3d4*      100%        5
 Summon Forest            Summ/Tloc      0%         N/A       100%        5
 Yara's Violent Unravell  Hex/Alch       0%         3d3       100%        5
 Bombard                  Conj/Erth      0%         9d1       100%        6
 Conjure Ball Lightning   Conj/Air       0%         3x3d6     100%        6
 Dispersal                Tloc           0%         N/A       100%        6
 Eringya's Noxious Bog    Alch           0%         4d6       100%        6
 Plasma Beam              Fire/Air       0%         2x1d10    100%        6
 Starburst                Conj/Fire      0%         6d3       100%        6
 Summon Hydra             Summ           0%         N/A       100%        7
 Discord                  Hex            0%         N/A       100%        8
 Disjunction              Tloc           0%         N/A       100%        8


Dungeon Overview and Level Annotations

Branches:
Dungeon (15/15)            Temple (0/1) D:4            Lair (5/5) D:11
 Shoals (0/4) Lair:3        Snake (4/4) Lair:2        Slime (5/5) Lair:5
    Orc (2/2) D:10            Elf (0/3) Orc:2        Vaults (0/5) D:14
 Depths (0/4) D:15          Sewer (visited)           IceCv (visited)
Volcano (visited)

Altars:
Ashenzari
Cheibriados
Gozag
Hepliaklqana
Kikubaaqudgha
Nemelex Xobeh
Qazlal
Vehumet
Xom
The Shining One
Beogh
Jiyva
Lugonu

Shops:
D:12 *   Orc:2 [(::*   Snake:1 (   Snake:3 [(   Snake:4 ?

Portals:
Abyss: Lair:5

Annotations:
D:3 2 transporters, lasso's ghost, amateur DsMo
D:7 3 runed translucent doors, Doomgape's ghost, novice TrFi
D:11 2 transporters
Slime:5 Royal Jelly


Innate Abilities, Weirdness & Mutations

You have a pair of small horns on your head.
You have sharp toenails.
Your mind is acute. (Int +4, Str/Dex -1)
Your body often deteriorates upon taking damage.
Your flesh is heat resistant. (rF+)
You frequently scream uncontrollably at your foes.
You are resistant to electric shocks. (rElec)
Potions are less effective at restoring your health.
You are vulnerable to cold. (rC-)
You have hidden genetic defects.
Your health recovers twice as slowly from being drained.


Message History

The azure jelly closely misses you. The azure jelly hits you.
The quicksilver ooze is engulfed in freezing vapours.
The quicksilver ooze hits you.
The quicksilver ooze hits you but does no damage.
The acid blob is engulfed in freezing vapours.
The acid blob hits you.
You are splashed with acid.
You resist. The ooze engulfing you falls away.
You gasp with relief as air once again reaches your lungs.
The rockslime hits you!!
* * * LOW HITPOINT WARNING * * *
You hold your ground!
The rockslime is engulfed in freezing vapours.
The rockslime barely misses you. The azure jelly closely misses you.
The azure jelly hits you but does no damage. x2
The azure jelly hits you!
* * * LOW HITPOINT WARNING * * *
Okay, then.
Okay, then.
Unknown command.
As you read the scroll of fear, it crumbles to dust.
You assume a fearsome visage.
The rockslime resists with almost no effort.
The rockslime looks frightened!
The acid blob resists with almost no effort.
The quicksilver ooze is unaffected.
The acid blob resists with almost no effort.
The rockslime easily resists.
The azure jelly looks frightened!
The Royal Jelly resists with almost no effort.
The azure jelly looks frightened!
The quicksilver ooze is unaffected. x2
The azure jelly looks frightened!
The quicksilver ooze is engulfed in freezing vapours.
The quicksilver ooze hits you!
* * * LOW HITPOINT WARNING * * *
The quicksilver ooze engulfs you! The quicksilver ooze hits you.
* * * LOW HITPOINT WARNING * * *
You feel your power leaking away.
The acid blob is engulfed in freezing vapours.
You kill the acid blob!
That felt strangely unrewarding.
The rockslime hits you!!
You die...

## #...............##
.## ##....J(.........#
..### #...#..........##
....# #######(........#
....## ##(.......#
.....## ##.J.#.#.#
......# #JJJJ#...#
......# ####○JJ#..##
......## #...J@J...#
.......## ##.....J...##
........###...J.......#
........##......#.....#
...............##.....#
...............####...#
................##....#
........###.....#.....#
..##......#...........#


You could see the Royal Jelly (poisoned), an acid blob, 3 azure jellies, 3
rockslimes and 3 quicksilver oozes.

Vanquished Creatures
  Jorgrun (Orc:2)
  Gastronok (Orc:1)
  13 acid blobs
  Kirke (D:14)
  2 nagarajas
  10 rockslimes
  8 azure jellies
  2 frost giants (IceCv)
  Aizul (Snake:3)
  Louise (D:15)
  3 orc warlords
  17 quicksilver oozes
  5 formless jellyfish
  Snorg (Lair:4)
  A white draconian (IceCv)
  2 fire dragons
  A vault guard (D:14)
  Josephine (Orc:2)
  4 great orbs of eyes
  4 salamander tyrants
  2 hydras
  7 anacondas
  An ogre mage (Orc:2)
  Harold (Lair:1)
  3 ironbound frosthearts (IceCv)
  The ghost of Huxoxzufuz the Blocker, a journeyman GnFi of Hepliaklqana (Lair:2)
  A catoblepas (Lair:4)
  5 centaur warriors
  7 boulder beetles
  A two-headed ogre (shapeshifter) (D:15)
  Erica (D:8)
  8 two-headed ogres
  19 naga warriors
  A deep troll earth mage (D:12)
  A tengu warrior (D:15)
  12 naga sharpshooters
  Urug (Lair:4)
  2 orc high priests
  A hell knight (Volcano)
  2 thrashing horrors (Lair:5)
  6 shock serpents
  A skyshark (Lair:1)
  A skeletal warrior (D:14)
  4 spectral anacondas (Snake:1)
  A glowing orange brain (D:15)
  10 salamander mystics
  3 anaconda zombies (Snake:1)
  An orange crystal statue (IceCv)
  18 mana vipers
  A harpy (shapeshifter) (Lair:5)
  8 naga ritualists
  4 lindwurms (Lair:3)
  Pikel (D:8)
  4 orc knights
  5 deep elf pyromancers
  4 anaconda skeletons (Snake:1)
  A deep elf zephyrmancer (D:15)
  8 shining eyes
  24 ugly things
  6 orc sorcerers (Orc:2)
  2 manticores
  18 salamanders
  10 cyclopes
  An oklob plant (Lair:3)
  4 meliai
  A kobold blastminer (Orc:1)
  A meliai (shapeshifter) (Lair:5)
  5 elephants
  An ice statue (Snake:1)
  34 black mambas
  8 guardian serpents
  2 smoke demons (Lair:5)
  2 large abominations (Lair:5)
  5 gargoyles
  19 naga magi
  2 molten gargoyles (Volcano)
  3 eyes of devastation
  7 cane toads
  3 kobold demonologists
  Maggie (D:8)
  6 unseen horrors
  24 rime drakes
  10 komodo dragons
  2 efreet
  4 anaconda simulacra (Snake:1)
  A tengu conjurer (D:15)
  6 trolls
  19 polar bears
  20 blink frogs
  2 raiju (Lair:5)
  Grinder (D:3)
  128 slime creatures
  2 glass eyes (Slime:5)
  A snapping turtle (Lair:3)
  A centaur simulacrum (D:14)
  2 shadows
  7 wraiths
  64 yaks
  A vampire (D:8)
  8 wyverns
  2 ynoxinuls (Lair:5)
  7 hogs (D:14)
  A water elemental (Lair:3)
  A human (Lair:2)
  6 wargs
  10 basilisks
  2 golden eyes (Slime:1)
  2 steam dragons
  9 vampire mosquitoes
  47 nagas
  16 water moccasins
  An acid dragon (D:10)
  34 orc warriors
  A sky beast (D:8)
  A black bear (shapeshifter) (Lair:5)
  3 black bears
  An ice beast (D:5)
  8 small abominations (Lair:5)
  15 wolves
  10 ogres
  10 centaurs
  2 phantoms
  3 kobold brigands
  14 bullfrogs
  2 gnoll sergeants
  3 scorpions
  10 wights (D:9)
  4 killer bees (D:10)
  3 howler monkeys
  4 electric eels
  6 lava snakes (Lair:1)
  3 bombardier beetles
  14 orc priests
  4 hounds
  9 jellies (Slime:4)
  2 gnoll boudas
  Jessica (D:3)
  3 sleepcaps
  26 orc wizards
  Robin (D:3)
  18 gnolls
  13 adders
  3 white imps
  15 dart slugs
  2 ribbon worms
  43 orcs
  14 endoplasms
  12 giant cockroaches
  15 goblins
  9 hobgoblins
  4 jackals (D:2)
  2 quokkas
  13 ball pythons
  5 bats
  14 frilled lizards
  22 kobolds
  8 rats
1218 creatures vanquished.

Vanquished Creatures (collateral kills)
  Rupert (Lair:2)
  An acid blob (Slime:5)
  A quicksilver ooze (Slime:5)
3 creatures vanquished.

Vanquished Creatures (others)
  An orc (Orc:2)
1 creature vanquished.

Grand Total: 1222 creatures vanquished

Notes
Turn   | Place    | Note
-------+----------+-------------------------------------------
     0 | D:1      | Marvel the Hill Orc Fighter began the quest for the Orb.
     0 | D:1      | Reached XP level 1. HP: 19/19 MP: 1/1
    89 | D:1      | Reached XP level 2. HP: 27/27 MP: 2/2
   476 | D:1      | Reached XP level 3. HP: 30/33 MP: 3/3
  1226 | D:2      | Reached XP level 4. HP: 38/40 MP: 4/4
  1730 | D:3      | Noticed Jessica
  1742 | D:3      | Gained mutation: Your mind is acute. (Int +4, Str/Dex -1)
                  | [potion of mutation]
  1742 | D:3      | Gained mutation: You are weak. (Str -2) [potion of
                  | mutation]
  1742 | D:3      | Gained mutation: Your flesh is cold resistant. (rC+)
                  | [potion of mutation]
  1754 | D:3      | Killed Jessica
  1755 | D:3      | Reached skill level 5 in Axes
  1755 | D:3      | Reached XP level 5. HP: 30/46 MP: 5/5
  1942 | D:3      | Noticed Robin
  2075 | D:3      | Killed Robin
  2127 | D:3      | HP: 2/46 [bombardier beetle (2)]
  2451 | D:3      | Identified the +7 spear "Botesy" {venom, rN+ Str+2}
  2532 | D:3      | Reached XP level 6. HP: 52/52 MP: 6/6
  2552 | D:3      | Noticed Grinder
  2568 | D:3      | Paralysed by Grinder for 5 turns
  2581 | D:3      | Killed Grinder
  2642 | D:3      | Found a transporter.
  2657 | D:3      | Found a transporter.
  2657 | D:3      | Noticed lasso's ghost (amateur DsMo)
  2684 | D:3      | Found an ancient bone altar of Kikubaaqudgha.
  2845 | D:3      | Found a faded altar of an unknown god.
  2850 | D:3      | Prayed at the altar of an unknown god.
  2850 | D:3      | Became a worshipper of the Shining One
  2850 | D:3      | Reached * piety under the Shining One
  3262 | D:4      | Identified the +1 fire dragon scales of Cetegg {Rampage
                  | rF++ rC-}
  3509 | D:4      | Reached XP level 7. HP: 60/60 MP: 7/7
  3516 | D:4      | Found a staircase to the Ecumenical Temple.
  3765 | D:5      | Entered Level 5 of the Dungeon
  3964 | D:5      | Reached skill level 5 in Armour
  3964 | D:5      | Reached XP level 8. HP: 25/67 MP: 8/8
  3966 | D:5      | Reached skill level 1 in Throwing
  4174 | D:5      | Identified the +5 ring mail of Insecurity {rN+ Dex+3}
  4204 | D:5      | Reached skill level 10 in Axes
  4531 | D:6      | Reached skill level 5 in Fighting
  4679 | D:6      | Found a glowing drain.
  4683 | Sewer    | Entered a sewer
  4995 | Sewer    | Reached ** piety under the Shining One
  5356 | D:6      | Found a stormy altar of Qazlal.
  5356 | D:6      | Found a snail-covered altar of Cheibriados.
  5388 | D:6      | Reached XP level 9. HP: 74/74 MP: 9/9
  5784 | D:7      | Identified the +10 war axe of Strategic Superiority {elec,
                  | rCorr Stlth+}
  5854 | D:7      | Found a runed translucent gate.
  5854 | D:7      | Found a runed translucent gate.
  5854 | D:7      | Found a runed translucent gate.
  5855 | D:7      | Noticed a kobold demonologist
  5856 | D:7      | Noticed Doomgape's ghost (novice TrFi)
  6310 | D:7      | Identified the +0 chain mail of Toshrest {rElec rN++ Str-5
                  | Stlth+}
  6582 | D:8      | Found a hazy altar of Hepliaklqana.
  6640 | D:8      | Noticed Pikel
  6655 | D:8      | Killed Pikel
  6727 | D:8      | Noticed Erica
  6737 | D:8      | Killed Erica
  6738 | D:8      | Reached XP level 10. HP: 38/84 MP: 10/10
  6976 | D:8      | Reached skill level 15 in Axes
  7149 | D:8      | Noticed Maggie
  7164 | D:8      | Killed Maggie
  7456 | D:8      | Found a broken altar of Ashenzari.
  7821 | D:9      | Found a radiant altar of Vehumet.
  7824 | D:9      | Found a sparkling altar of Nemelex Xobeh.
  7824 | D:9      | Found an opulent altar of Gozag.
  7828 | D:9      | Found a shimmering altar of Xom.
  8060 | D:9      | Reached *** piety under the Shining One
  8587 | D:9      | Noticed a two-headed ogre
  8593 | D:9      | Killed a two-headed ogre
  8594 | D:9      | Reached XP level 11. HP: 70/94 MP: 11/11
  8896 | D:10     | Entered Level 10 of the Dungeon
  9364 | D:10     | Noticed a brown ugly thing
  9376 | D:10     | Killed a brown ugly thing
  9381 | D:10     | Noticed an orc knight
  9391 | D:10     | Killed an orc knight
  9393 | D:10     | Noticed a two-headed ogre
  9395 | D:10     | Identified the +1 robe of Shadows and Fog {rC+ Dex+3
                  | Slay-4}
  9542 | D:11     | Noticed a two-headed ogre
  9551 | D:11     | Killed a two-headed ogre
  9828 | D:11     | Noticed a two-headed ogre
  9838 | D:11     | Killed a two-headed ogre
  9879 | D:11     | Found a transporter.
  9879 | D:11     | Noticed a centaur warrior
  9880 | D:11     | Noticed a four-headed hydra
  9881 | D:11     | Reached **** piety under the Shining One
  9881 | D:11     | Noticed a centaur warrior
  9882 | D:11     | Noticed an ettin
  9955 | D:11     | Noticed a cyclops
  9962 | D:11     | Killed a cyclops
 10122 | D:10     | Found a staircase to the Orcish Mines.
 10186 | D:10     | Noticed a boulder beetle
 10248 | D:10     | Reached XP level 12. HP: 50/104 MP: 12/12
 10421 | D:11     | Killed a boulder beetle
 10694 | D:10     | Killed a two-headed ogre
 11044 | D:11     | Found a transporter.
 11044 | D:11     | Identified the +3 hand axe of the Several Visions {heavy,
                  | rC+}
 11110 | D:11     | Identified the +0 pair of gloves of Ajiq {rF+}
 11396 | D:11     | Found a staircase to the Lair.
 11405 | Lair:1   | Entered Level 1 of the Lair of Beasts
 11552 | Lair:1   | Noticed Harold
 11586 | Lair:1   | Killed Harold
 11674 | Lair:1   | Reached skill level 10 in Fighting
 11931 | Lair:1   | Noticed a skyshark
 12040 | Lair:1   | Killed a skyshark
 12437 | Lair:1   | HP: 2/108 [rime drake/icy flash freeze (15)]
 13265 | Lair:2   | Found a runed translucent door.
 13273 | Lair:2   | Noticed Rupert
 13365 | Lair:2   | Reached skill level 10 in Armour
 13367 | Lair:2   | Reached XP level 13. HP: 116/116 MP: 13/13
 13500 | Lair:2   | Reached skill level 1 in Invocations
 13552 | Lair:2   | Found a dark tunnel.
 13603 | Volcano  | Entered a volcano
 14021 | Volcano  | Noticed an orb of fire
 14170 | Volcano  | Noticed an orb of fire
 14583 | Lair:2   | Found a runed translucent door.
 14585 | Lair:2   | Noticed Huxoxzufuz's ghost (journeyman GnFi)
 14631 | Lair:2   | HP: 5/119 [poisoned by a naga (splash of poison)]
 15033 | Lair:2   | Found a staircase to the Snake Pit.
 15362 | Lair:2   | Killed Rupert
 15609 | Lair:2   | Killed Huxoxzufuz's ghost
 15689 | Orc:1    | Entered Level 1 of the Orcish Mines
 15689 | Orc:1    | Noticed Gastronok
 15689 | Orc:1    | Noticed an orc warlord
 16558 | D:12     | Reached ***** piety under the Shining One
 16618 | D:12     | Reached XP level 14. HP: 52/129 MP: 15/15
 16864 | D:12     | Identified a scroll of acquirement
 16865 | D:12     | Acquired the +0 pair of gloves of the Forgotten Knives
                  | {rC+++ Will- Regen+ Str+2}
 17119 | D:12     | Identified the +0 chain mail of Shielding {rCorr}
 17737 | D:12     | Found Ekoahy's General Store.
 18539 | D:14     | Reached skill level 15 in Fighting
 18639 | D:14     | Noticed Kirke
 18651 | D:14     | Noticed a sphinx
 18651 | D:14     | Killed Kirke
 18816 | D:14     | Found a gate leading to a gauntlet.
 18944 | D:14     | Found a gate to the Vaults.
 19003 | D:15     | Entered Level 15 of the Dungeon
 19052 | D:15     | Reached XP level 15. HP: 128/144 MP: 16/16
 19076 | D:15     | Reached ****** piety under the Shining One
 19468 | D:15     | Noticed Louise
 19480 | D:15     | Killed Louise
 19634 | D:15     | Found a staircase to the Depths.
 20028 | D:10     | Killed an orc warlord
 20063 | Orc:1    | Killed Gastronok
 20557 | Orc:2    | Entered Level 2 of the Orcish Mines
 20557 | Orc:2    | Noticed Josephine
 20591 | Orc:2    | Paralysed by an orc sorcerer for 4 turns
 20593 | Orc:2    | Noticed an orc warlord
 20599 | Orc:2    | Killed Josephine
 20659 | Orc:2    | Killed an orc warlord
 20837 | Orc:2    | Noticed Jorgrun
 20847 | Orc:2    | Killed Jorgrun
 20877 | Orc:2    | Found Dumutor's Book Shoppe.
 20914 | Orc:2    | Found a roughly hewn altar of Beogh.
 20914 | Orc:2    | Noticed an orc warlord
 20931 | Orc:2    | HP: 6/149 [two-headed ogre/+0 giant club (23)]
 21072 | Orc:2    | Killed an orc warlord
 21221 | Orc:2    | Found Bazieq's Antique Weapon Boutique.
 21225 | Orc:2    | Found Ocraire's General Store.
 21254 | Orc:2    | Bought a scroll of blinking for 127 gold pieces
 21412 | Orc:2    | Found Sout Exu's Antique Armour Boutique.
 21419 | Orc:2    | Bought a transparent helmet for 237 gold pieces
 21419 | Orc:2    | Identified the +1 helmet of Powerful Intercession {rN+}
                  | (You bought it in a shop on level 2 of the Orcish Mines)
 21419 | Orc:2    | Bought an ancient scale mail for 225 gold pieces
 21419 | Orc:2    | Identified the +1 scale mail of Foolhardiness {Dex+4} (You
                  | bought it in a shop on level 2 of the Orcish Mines)
 21557 | Orc:2    | Found a staircase to the Elven Halls.
 21626 | Orc:2    | Found Codaesit's Book Boutique.
 21911 | Snake:1  | Entered Level 1 of the Snake Pit
 22131 | Snake:1  | Reached XP level 16. HP: 157/158 MP: 17/17
 22255 | Snake:1  | Reached skill level 27 in Axes
 22629 | Snake:1  | Found a glacial archway.
 22640 | IceCv    | Entered an ice cave
 23203 | IceCv    | Found the +8 frozen axe "Frostbite" {freeze, freezing
                  | cloud, *Noise Fly rC+}
 23854 | Snake:1  | Found Jecemnic's Weapon Emporium.
 24591 | Snake:2  | Reached XP level 17. HP: 125/173 MP: 18/18
 25589 | Snake:3  | Identified the serpent talisman of Xom's Reproof {rC+ rCorr
                  | Stlth+}
 25589 | Snake:3  | Noticed Aizul
 25597 | Snake:3  | Killed Aizul
 25970 | Snake:3  | Found Qust's Weapon Shop.
 25976 | Snake:3  | Found Ogiaruew's Antique Armour Shop.
 26023 | Snake:3  | Bought a jewelled ring mail for 207 gold pieces
 26023 | Snake:3  | Identified the +1 ring mail "Oleshraw" {-Tele Rampage
                  | Regen+} (You bought it in a shop on level 3 of the Snake
                  | Pit)
 26093 | Snake:3  | Identified the +6 short sword of the Asp {freeze, rElec
                  | rPois}
 26393 | Snake:4  | Entered Level 4 of the Snake Pit
 27290 | Snake:4  | Reached XP level 18. HP: 145/192 MP: 19/19
 27546 | Snake:4  | Got a serpentine rune of Zot
 27690 | Snake:4  | Found Zudd's Magic Scroll Boutique.
 27699 | Snake:4  | Bought a scroll of enchant weapon for 135 gold pieces
 27699 | Snake:4  | Bought a scroll of teleportation for 54 gold pieces
 27699 | Snake:4  | Bought a scroll of summoning for 171 gold pieces
 29123 | Lair:3   | Found a staircase to the Shoals.
 29413 | Lair:4   | Noticed Urug
 29421 | Lair:4   | Killed Urug
 29633 | Lair:4   | Noticed Snorg
 29637 | Lair:4   | Killed Snorg
 30219 | Lair:5   | Entered Level 5 of the Lair of Beasts
 30281 | Lair:5   | Found an ancient bone altar of Kikubaaqudgha.
 30817 | Lair:5   | Reached skill level 15 in Armour
 30978 | Lair:5   | Found a corrupted altar of Lugonu.
 30979 | Lair:5   | Found a one-way gate to the infinite horrors of the Abyss.
 31135 | Lair:5   | Found a staircase to the Slime Pits.
 31183 | Slime:1  | Entered Level 1 of the Pits of Slime
 31214 | Slime:1  | Reached skill level 27 in Fighting
 31214 | Slime:1  | Reached XP level 19. HP: 111/207 MP: 17/20
 31833 | Slime:1  | Gained mutation: You have a pair of small horns on your
                  | head. [a shining eye]
 31835 | Slime:1  | Gained mutation: You sometimes lose your temper in combat.
                  | [a shining eye]
 31868 | Slime:1  | Reached skill level 1 in Unarmed Combat
 32005 | Slime:1  | Gained mutation: You have a somewhat thin skeletal
                  | structure. (Dex +2, Stealth+) [a shining eye]
 32007 | Slime:1  | Gained mutation: Your body sometimes deteriorates upon
                  | taking damage. [a shining eye]
 32010 | Slime:1  | Lost mutation: You are weak. (Str -2) [potion of mutation]
 32010 | Slime:1  | Lost mutation: Your flesh is cold resistant. (rC+) [potion
                  | of mutation]
 32010 | Slime:1  | Gained mutation: Potions are less effective at restoring
                  | your health. [potion of mutation]
 32010 | Slime:1  | Gained mutation: You are resistant to electric shocks.
                  | (rElec) [potion of mutation]
 32010 | Slime:1  | Gained mutation: Your flesh is heat resistant. (rF+)
                  | [potion of mutation]
 32011 | Slime:1  | Lost mutation: You have a somewhat thin skeletal structure.
                  | (Dex +2, Stealth+) [potion of mutation]
 32011 | Slime:1  | Lost mutation: You sometimes lose your temper in combat.
                  | [potion of mutation]
 32011 | Slime:1  | Gained mutation: You have sharp toenails. [potion of
                  | mutation]
 32664 | Slime:3  | Reached skill level 5 in Invocations
 32674 | Slime:3  | Gained mutation: You have hidden genetic defects. [a
                  | shining eye]
 32678 | Slime:3  | Gained mutation: Your health recovers twice as slowly from
                  | being drained. [a shining eye]
 32680 | Slime:3  | Gained mutation: Your body often deteriorates upon taking
                  | damage. [a shining eye]
 32737 | Slime:3  | Paralysed by a formless jellyfish for 1 turns
 33666 | Slime:5  | Entered Level 5 of the Pits of Slime
 33735 | Slime:5  | Gained mutation: You are vulnerable to cold. (rC-) [hidden
                  | defects]
 33813 | Slime:5  | Gained mutation: You occasionally shout uncontrollably at
                  | your foes. [a shining eye]
 33815 | Slime:5  | Gained mutation: You frequently scream uncontrollably at
                  | your foes. [a shining eye]
 33890 | Slime:5  | Noticed the Royal Jelly
 33891 | Slime:5  | Paralysed by a formless jellyfish for 1 turns
 34034 | Slime:5  | Found a viscous altar of Jiyva.
 34096 | Slime:5  | Reached XP level 20. HP: 216/216 MP: 25/25
 34237 | Slime:5  | Slain by a rockslime

Illustrated notes

Levels and vault maps discovered:
D:1:      dpeg_arrival_line_fractal, layout_basic
D:2:      layout_rooms, minmay_statues_item, nicolae_eternal_life,
          minmay_indecisive_spiral
D:3:      minmay_chambers_of_threes, layout_basic,
          mainiacjoe_overflow_surrounded_room, shapermc_ecumenical_altar_petra,
          gammafunk_ghost_gnarly_gnolls, uniq_jessica, uniq_robin, uniq_grinder
D:4:      layout_basic, minmay_temple_entry_hall
D:5:      layout_rooms, amcnicky_mini_corridor_feature, minmay_misc_feat_pillars
D:6:      layout_basic, mainiacjoe_overflow_catwalk_spiral,
          mainiacjoe_sewer_entry_somewhere_in_here_1
D:7:      layout_loops_ring, gammafunk_ghost_nasty_kobolds
D:8:      layout_loops_corners, kennysheep_mini, overflow_temple_1_default,
          uniq_maggie, uniq_erica, uniq_pikel
D:9:      layout_gridville, grunt_temple_overflow_open, st_stairs_13,
          kennysheep_generic_room_3
D:10:     minmay_the_grid_square_5x5_3x3
          [minmay_the_grid_square_5x5_three_small,
          minmay_the_grid_square_5x5_spiral_small,
          minmay_the_grid_square_5x5_one_wall,
          minmay_the_grid_square_5x5_detours,
          minmay_the_grid_square_5x5_megaprize_checkered,
          minmay_the_grid_square_5x5_slash, minmay_the_grid_square_5x5_inset,
          minmay_the_grid_square_5x5_six,
          minmay_the_grid_square_5x5_beaten_path], layout_basic,
          nicolae_water_bricks
D:11:     gammafunk_sealed_arena, layout_loops_ring,
          grunt_lair_entry_orc_guard_hut
D:12:     minmay_box_of_statues, layout_cave_pools, serial_shops,
          nicolae_shop_real_fake_doors, minmay_checkered_concentric_circles
D:13:     layout_basic, grunt_decor_cap
D:14:     layout_gridville, david_vaults_5, gauntlet_entry_generic, uniq_kirke
D:15:     gammafunk_enter_depths_forms, layout_basic,
          chequers_serial_rivers_micro_c, uniq_louise
Lair:1:   layout_loops_ring, fungi_pond_lemuel, nicolae_lair_liquid_snakes,
          lemuel_fruit_tree, grunt_megastairs_2, uniq_harold
Lair:2:   layout_regular_city, minmay_snake_entry_guardpost_medium,
          ebering_ghost_inner_flame, nicolae_volcano_entry_lava_flow,
          pdpol_lair_cabin_in_the_woods
Lair:3:   layout_cave_pods, minmay_shoals_entry_hut, minmay_lair_oklob_bushes,
          minmay_lindwurm_lava
Lair:4:   layout_cellular_growth, serial_bayou_shore_b, uniq_urug, uniq_snorg
Lair:5:   hellmonk_lair_end_abyssal_woods, layout_regular_city,
          dpeg_slime_entry_enclosed, basic_altar
Snake:1:  layout_layer_cave, serial_shops, shop,
          portal_ice_cave_entry_ice_statue_one, nicolae_snake_dead_anacondas,
          serial_bayou_shore_b, grunt_megastairs_4
Snake:2:  layout_basic, grunt_megastairs_1
Snake:3:  layout_misc_corridors, minmay_shop_star, uniq_aizul
Snake:4:  johnstein_snake_rune_scales, layout_cave_town, serial_shops, shop,
          nicolae_snake_omega
Slime:1:  nicolae_slime_pool, layout_caves, special_room [special_room_jelly]
Slime:2:  layout_caves
Slime:3:  layout_caves
Slime:4:  nicolae_slime_jelly_donut, layout_caves,
          cheibrodos_slime_lost_civilization_6
Slime:5:  slime_pit_nicolae_jellycorners
Orc:1:    layout_caves, blackcustard_rock_pile, uniq_gastronok
Orc:2:    grunt_orc_cross, layout_diamond_mine, serial_shops, shop,
          uniq_jorgrun, uniq_josephine

Skill      XL: |  1  2  3  4  5  6  7  8  9 10 11 12 13 14 15 16 17 18 19 20 |
---------------+-------------------------------------------------------------+-----
Axes           | 3 4 5 6 8 9 12 14 17 19 21 22 24 26 27 | 27.0
Fighting       | 4 5 6 8 9 11 13 16 18 21 24 27 | 27.0
Armour         | 4 5 7 8 9 10 11 12 13 14 15 18 | 18.6
Shields        | 4 |  4.1
Throwing       | 1 2 3 |  3.0
Invocations    | 1 2 6 7 |  7.1
Unarmed Combat | 2 |  2.0
Evocations     | |  0.2

Action                     |  1- 3 |  4- 6 |  7- 9 | 10-12 | 13-15 | 16-18 | 19-21 || total
---------------------------+-------+-------+-------+-------+-------+-------+-------++-------
  Melee: War axe           |   106 |   122 |   363 |    92 |       |       |       ||   683
         Battleaxe         |       |       |       |   304 |   752 |   186 |       ||  1242
         Executioner's axe |       |       |       |       |       |   638 |   252 ||   890
         Headbutt          |       |       |       |       |       |       |    66 ||    66
         Unarmed           |       |       |       |       |       |       |    15 ||    15
  Throw: Dart              |       |     8 |     4 |    38 |    26 |    38 |    49 ||   163
         Boomerang         |       |       |     1 |       |       |       |       ||     1
 Invoke: Divine Shield     |       |       |       |     1 |     2 |     1 |       ||     4
  Evoke: Box of beasts     |       |       |       |       |     1 |       |       ||     1
         Tin of tremorston |       |       |       |       |     1 |       |       ||     1
    Use: Scroll            |     1 |     6 |     7 |     3 |     6 |     2 |    11 ||    36
         Potion            |       |     4 |     2 |     4 |     9 |     2 |     4 ||    25
 Armour: Scale mail        |    83 |   102 |       |       |       |       |       ||   185
         Fire dragon scale |       |     2 |   215 |   257 |   591 |       |       ||  1065
         Skin              |       |       |     4 |       |       |       |     8 ||    12
         Swamp dragon scal |       |       |       |       |    13 |   600 |   283 ||   896
  Dodge: Dodged            |    41 |    54 |   114 |   167 |   392 |   431 |    90 ||  1289
         Repelled          |       |       |       |    11 |    14 |    26 |     7 ||    58
  Block: Buckler           |    27 |    29 |    88 |    16 |       |       |       ||   160
         Other             |       |       |       |     1 |     3 |     3 |     2 ||     9
